Map: Zen LE

Players

MystMir

  • Race: Terran Terran
  • League: Diamond
  • Spawn Location: 7:00

ViBE - Winner!

  • Race: Terran Terran
  • League: Diamond
  • Spawn Location: 1:00

VOD

Have the link to the VOD?

Description

Time

  • Played on: Dec. 23, 2019, 1:55 a.m.
  • Length: 15:45
Show
View Real Time Build Order
Export as new Build Order

MystMir Terran 

Build Orders:  

Get SALT Encoding   

  12  0:00  SCV  
  13  0:13  SCV  
  14  0:17  Supply Depot  
  14  0:25  SCV  
  15  0:31  Refinery  
  15  0:39  SCV  
  16  0:45  Barracks  
  16  0:51  SCV  
  17  1:03  SCV  
  18  1:06  Refinery  
  18  1:15  SCV  
  19  1:27  SCV  
  20  1:33  Reaper  
  21  1:41  Orbital Command  
  21  1:50  Supply Depot  
  21  2:05  Reaper  
  21  2:07  Factory  
  22  2:09  SCV  
  23  2:23  SCV  
  24  2:38  SCV  
  24  2:39  Barracks Reactor  
  24  2:42  Command Center  
  25  2:54  Factory Tech Lab  
  25  2:55  Starport  
  25  2:59  SCV  
  26  3:13  SCV  
  26  3:15  Cyclone  
  26  3:18  Marine  
  31  3:36  Supply Depot  
  31  3:44  Marine  
  31  3:45  Starport Reactor  
  31  3:54  Marine, SCV  
  33  3:58  Orbital Command  
  33  4:05  Barracks  
  33  4:06  Barracks  
  33  4:12  Command Center  
  33  4:18  SCV  
  34  4:24  Supply Depot  
  34  4:31  SCV  
  35  4:37  Marine  
  36  4:39  SCV, Factory Tech Lab  
  36  4:43  SCV  
  38  4:48  Raven  
  38  4:51  SCV, Supply Depot  
  41  4:55  SCV  
  42  5:03  SCV  
  42  5:06  Marine x3  
  46  5:07  SCV  
  46  5:09  Factory Tech Lab  
  47  5:15  SCV, Supply Depot  
  47  5:19  SCV  
  47  5:20  Stimpack  
  49  5:21  Engineering Bay  
  49  5:22  Marine x2, Engineering Bay  
  49  5:26  Orbital Command  
  51  5:38  Siege Tank  
  54  5:47  Starport Reactor  
  54  5:54  SCV x2  
  56  5:57  Marine  
  56  5:58  Marine x4  
  56  6:02  Orbital Command  
  61  6:04  Terran Infantry Weapons Level 1, Terran Infantry Armor Level 1  
  61  6:06  SCV x2  
  61  6:07  Armory  
  63  6:15  Marine x3  
  63  6:17  Marine x2  
  68  6:22  SCV x2  
  68  6:23  Supply Depot  
  68  6:25  Refinery  
  70  6:30  SCV  
  71  6:34  SCV x2  
  71  6:38  Marine x2  
  75  6:41  Supply Depot  
  75  6:42  SCV  
  75  6:44  Siege Tank  
  79  7:00  Barracks  
  79  7:02  Barracks  
  79  7:06  Sensor Tower  
  79  7:07  SCV x2  
  81  7:13  Supply Depot  
  81  7:16  Siege Tank  
  81  7:18  Medivac  
  81  7:19  Medivac  
  81  7:21  Refinery  
  88  7:27  Sensor Tower  
  87  7:30  SCV  
  87  7:31  SCV x2  
  87  7:33  Refinery  
  87  7:35  Refinery  
  90  7:40  Supply Depot  
  90  7:41  Marine  
  90  7:42  Marine x4  
  90  7:43  SCV, Combat Shield  
  96  7:47  SCV x2  
  96  7:50  Barracks Reactor  
  98  7:55  SCV  
  99  7:59  Marine  
  100  8:07  Terran Infantry Weapons Level 2  
  100  8:20  Supply Depot  
  100  8:22  Medivac, Barracks  
  100  8:23  Marine x6  
  100  8:24  Factory  
  100  8:25  Barracks  
  100  8:27  Barracks  
  108  8:36  SCV x3  
  108  8:41  Marine x4  
  113  8:42  Supply Depot, Command Center  
  113  8:43  Terran Infantry Armor Level 2  
  113  8:46  Terran Vehicle Weapons Level 1  
  113  8:48  SCV x2  
  117  8:49  Marine  
  117  8:50  Marine  
  117  8:55  Medivac  
  121  8:59  Viking  
  121  9:01  SCV x2  
  125  9:14  Marine x3  
  125  9:15  Marine x3  
  134  9:18  Barracks Reactor  
  134  9:19  Barracks Reactor  
  134  9:21  Barracks Reactor  
  131  9:27  Supply Depot  
  131  9:35  SCV x2, Supply Depot  
  131  9:37  Marine x4  
  131  9:38  Marine x4  
  140  9:41  Supply Depot  
  140  9:43  Factory Tech Lab  
  141  9:48  Viking  
  143  9:55  Marine  
  144  10:03  Siege Tank x2  
  144  10:04  Marine x3  
  144  10:05  Marine  
  154  10:14  Supply Depot x2  
  154  10:15  Missile Turret  
  154  10:23  Viking  
  154  10:25  Marine  
  154  10:35  Siege Tank x2  
  160  10:50  Marine x3  
  160  10:51  Marine x7  
  160  10:52  Marine x4  
  173  11:01  Sensor Tower  
  173  11:02  SCV x2, Missile Turret  
  173  11:03  SCV  
  176  11:04  Refinery  
  176  11:06  Refinery  
  176  11:08  Marine x4  
  176  11:09  Marine  
  181  11:13  Siege Tank  
  181  11:14  SCV, Siege Tank  
  181  11:15  SCV  
  185  11:30  Command Center  
  184  11:46  Marine x2  
  184  11:47  Marine x8  
  172  11:48  Marine  
  161  11:56  Marine x3  
  127  12:04  Marine x3  
  127  12:05  Marine x3  
  127  12:07  Marine  
  127  12:08  Marine x4  
  118  12:13  Marine x2  
  118  12:14  Marine  
  112  12:22  Marine x5  
  110  12:28  Marine x6  
  119  12:31  Marine x3  
  119  12:32  Medivac, Siege Tank  
  119  12:34  Factory Tech Lab  
  127  12:53  Marine x6  
  127  12:54  Marine x3  
  136  13:02  Viking  
  136  13:04  SCV x3, Siege Tank  
  144  13:13  Marine x6  
  144  13:14  Marine  
  144  13:16  SCV x2  
  153  13:20  SCV  
  153  13:26  Planetary Fortress  
  154  13:28  SCV x2  
  154  13:29  Sensor Tower  
  154  13:32  Viking  
  154  13:33  SCV  
  159  13:50  SCV x2  
  159  13:52  Marine x2  
  159  13:53  Refinery  
  162  13:56  Refinery  
  162  14:00  Marine x3  
  162  14:01  Marine x3, Missile Turret  
  100  14:04  Marine x6, Missile Turret  
  93  14:10  Marine  
Show
View Real Time Build Order
Export as new Build Order

ViBE Terran - Winner!

Build Orders: Reaper Expand 

Get SALT Encoding   

  12  0:00  SCV  
  13  0:13  SCV  
  14  0:18  Supply Depot  
  14  0:26  SCV  
  15  0:40  SCV  
  15  0:42  Barracks  
  16  0:45  Refinery  
  16  0:52  SCV  
  17  1:04  SCV  
  18  1:16  SCV  
  19  1:29  Orbital Command  
  19  1:30  Reaper  
  20  1:45  Command Center  
  20  1:55  SCV  
  21  2:07  SCV  
  22  2:12  Factory, Refinery  
  22  2:20  SCV  
  23  2:28  Marine  
  23  2:46  Supply Depot  
  23  2:47  Barracks Reactor  
  23  2:55  Bunker  
  23  3:00  Starport, Factory Tech Lab  
  23  3:04  SCV  
  21  3:14  SCV  
  21  3:16  SCV  
  23  3:22  Siege Tank  
  23  3:23  Marine x2  
  23  3:26  SCV  
  29  3:28  SCV  
  29  3:40  SCV  
  30  3:51  Orbital Command  
  30  3:52  SCV  
  31  4:01  Raven  
  33  4:03  Marine x2  
  33  4:07  SCV  
  36  4:18  Supply Depot  
  36  4:19  SCV  
  36  4:20  SCV  
  36  4:23  Supply Depot  
  38  4:27  Marine  
  40  4:31  SCV, Marine  
  40  4:32  SCV  
  42  4:43  SCV  
  42  4:44  SCV  
  44  4:52  Viking  
  46  4:53  Siege Tank  
  46  4:55  Marine x2, SCV  
  46  4:57  SCV  
  53  5:07  SCV  
  53  5:09  SCV  
  53  5:11  Command Center  
  55  5:15  Marine  
  55  5:16  Marine  
  55  5:19  SCV  
  55  5:21  SCV  
  59  5:24  Viking  
  61  5:31  SCV  
  62  5:36  Supply Depot  
  62  5:37  Supply Depot  
  62  5:38  Supply Depot  
  62  5:47  Barracks  
  62  5:48  Barracks  
  62  5:58  SCV x2, Siege Tank  
  67  6:10  SCV x2  
  69  6:15  Starport Reactor  
  69  6:20  Engineering Bay x2  
  69  6:22  SCV x2  
  69  6:24  Supply Depot, Orbital Command  
  69  6:25  Supply Depot  
  71  6:28  Refinery x2  
  71  6:34  SCV x2  
  71  6:36  Barracks Tech Lab  
  71  6:37  Barracks Tech Lab  
  71  6:38  Marine x2  
  75  6:46  SCV x2  
  77  6:47  Terran Infantry Weapons Level 1, Terran Infantry Armor Level 1  
  77  6:52  Medivac x2  
  82  6:58  SCV x2  
  83  7:05  Orbital Command  
  83  7:06  Sensor Tower  
  83  7:10  SCV  
  83  7:11  SCV, Sensor Tower  
  85  7:30  SCV  
  85  7:31  SCV x2  
  85  7:32  Combat Shield, Stimpack  
  85  7:33  Marine x4  
  92  7:39  Medivac  
  92  7:42  SCV  
  92  7:43  SCV x2  
  97  7:45  Supply Depot  
  97  7:46  Supply Depot x3  
  97  7:48  Refinery  
  97  7:50  Marine  
  98  7:52  Refinery  
  98  7:55  SCV x3  
  98  7:57  Siege Tank  
  98  7:58  Marine x3  
  105  8:04  Armory  
  107  8:06  Medivac  
  107  8:08  Marine  
  110  8:16  Marine x3  
  113  8:21  Command Center  
  113  8:26  Marine  
  114  8:29  Medivac  
  114  8:32  SCV x3  
  114  8:33  Siege Tank  
  114  8:34  Marine x3  
  123  8:39  Barracks  
  123  8:40  Barracks  
  125  8:42  Barracks  
  125  8:44  Marine  
  126  8:50  SCV x3  
  126  8:51  Marine  
  126  8:52  Marine x2  
  132  9:00  Viking x2  
  132  9:02  Marine  
  137  9:05  Factory, Siege Tank  
  140  9:10  Terran Infantry Weapons Level 2  
  140  9:15  Terran Infantry Armor Level 2  
  140  9:23  Barracks x2  
  140  9:24  Supply Depot x2  
  140  9:25  Supply Depot  
  140  9:26  Marine, Supply Depot  
  140  9:27  Marine x3, Supply Depot  
  140  9:29  Terran Vehicle Weapons Level 1  
  144  9:31  Barracks Reactor x3  
  144  9:44  Marine x2  
  144  9:45  Marine x2  
  148  9:46  Siege Tank  
  148  9:47  Viking  
  148  9:48  Viking  
  148  9:50  Factory Tech Lab  
  155  9:58  Command Center  
  154  10:00  SCV x2  
  154  10:01  SCV  
  154  10:02  Marine x2  
  154  10:03  Marine x2  
  161  10:30  Barracks Reactor x2  
  161  10:31  Marine x10  
  161  10:32  Viking, Siege Tank x2  
  179  10:46  Planetary Fortress  
  179  10:48  Marine  
  179  10:49  Marine x4  
  184  10:54  Missile Turret x2  
  184  10:55  Missile Turret  
  184  10:56  Missile Turret x2  
  183  11:01  Marine  
  183  11:02  Marine x4  
  188  11:04  Siege Tank x2  
  188  11:06  Marine x4  
  183  11:51  Marine x14  
  183  11:52  Siege Tank x2  
  183  11:53  Viking x2  
  168  12:08  Marine  
  168  12:09  Marine x7  
  168  12:10  Marine x6  
  170  12:23  Viking  
  170  12:24  Siege Tank x2  
  170  12:25  SCV x4  
  170  12:26  Marine  
  170  12:27  Marine x10  
  193  12:30  Command Center  
  193  12:37  SCV x4  
  197  12:56  Marine  
  197  12:57  Marine x2  
  200  12:58  Terran Infantry Armor Level 3, Terran Vehicle Weapons Level 2, Terran Infantry Weapons Level 3  
  200  13:18  Refinery x2  
  200  13:23  Missile Turret  
  200  13:28  Planetary Fortress  
  200  13:30  Sensor Tower, Missile Turret, Refinery  
  200  13:32  Refinery  
  196  14:01  Marine x14  
  196  14:02  Siege Tank x2  
  181  14:03  Viking  
  181  14:04  Viking  
  170  14:19  Marine x9  
  170  15:45  Refinery  
Tags
 
Add a new tag
Caveats
  • Supply blocks, unpowered buildings, or Contaminate may cause inaccurate times.
  • Supply counts are checked every 10 seconds.